 Dungeon Crawl Stone Soup version 0.28.0-1-gb440e238dd (webtiles) character file.

Game seed: 64657378445950664

18 lawman0 the Grasshopper (level 2, 22/22 HPs)
             Began as a Vampire Warper on Feb 19, 2022.
             Was a Follower of Uskayaw.
             Quit the game on level 1 of the Dungeon.
             The game lasted 00:00:46 (664 turns).

lawman0 the Grasshopper (Vampire Warper)             Turns: 664, Time: 00:00:46

Health: 22/22      AC:  4    Str: 10    XL:     2   Next: 48%
Magic:  5/5        EV: 11    Int: 15    God:    Uskayaw [*.....]
Gold:   41         SH:  0    Dex: 13    Spells: 5/5 levels left

rFire   . . .      SeeInvis +   a - +0 falchion
rCold   . . .      Faith    .   (no shield)
rNeg    . . .      Spirit   .   b - +0 leather armour
rPois   .          Reflect  .   (no helmet)
rElec   .          Harm     .   (no cloak)
rCorr   .          Rampage  .   i - +0 pair of gloves
Will    .....                   (no boots)
Stlth   +.........              (no amulet)
HPRegen 0.27/turn               (no ring)
MPRegen 0.09/turn               (no ring)

@: healing quickly
A: alive, fangs 3, see invisible, vampiric 1
a: Exsanguinate, Renounce Religion, Stomp


You were on level 1 of the Dungeon.
You worshipped Uskayaw.
Uskayaw was noncommittal.
You visited 1 branch of the dungeon, and saw 1 of its levels.

You collected 41 gold pieces.

Inventory:

Hand Weapons
 a - a +0 falchion (weapon)
Missiles
 d - 5 boomerangs of dispersal (quivered)
 e - 4 boomerangs
 g - 2 datura-tipped darts
Armour
 b - a +0 leather armour (worn)
 h - an orb of energy
 i - a +0 pair of gloves (worn)
Scrolls
 c - 2 scrolls of blinking
 f - a scroll of identify {unknown}
 j - a scroll of fear {unknown}


   Skills:
 + Level 1.7 Fighting
 * Level 2.6 Long Blades
 + Level 0.8 Throwing
 + Level 0.7 Armour
 + Level 2.2 Dodging
 + Level 2.0 Spellcasting
 * Level 2.7 Translocations


You had 5 spell levels left.
You didn't know any spells.
Your spell library contained the following spells:

 Spells                   Type           Power      Damage    Failure   Level
 Blink                    Tloc           18%        N/A       16%         2
 Gell's Gravitas          Tloc           9%         N/A       30%         3
 Lesser Beckoning         Tloc           9%         N/A       30%         3
 Teleport Other           Tloc           9%         N/A       30%         3
 Scorch                   Fire           2%         2d5       41%         2
 Manifold Assault         Tloc           9%         N/A       95%         5
 Flame Wave               Conj/Fire      1%         2d4       96%         4
 Summon Cactus Giant      Summ           0%         N/A       100%        6


Dungeon Overview and Level Annotations

Branches:
Dungeon (1/15)

Altars:
Uskayaw
Beogh


Innate Abilities, Weirdness & Mutations

Your natural rate of healing is accelerated.
You have razor-sharp teeth.
You have supernaturally acute eyesight. (SInv)
You are afflicted with vampirism.


Message History

You start resting.
HP restored.
You open the door.
Found a human skeleton.
As you open the door, it creaks loudly!
Found a stone.
Found a faded altar of an unknown god.
No target in view!
You open the door.
Found a draconian skeleton.
No target in view!
You now have 22 gold pieces (gained 14).
You open the door.
There is an open door here.
You see here a +0 leather armour.
You now have 31 gold pieces (gained 9).
There is an open door here.
Key pressed, stopping explore.
No target in view!
Search for what [Enter for "dart", or ? for help]? sh You see here a dart slug corpse.
There is an open door here.
There is a faded altar of an unknown god here.
You see here a stone.
You cannot tell which god this altar belongs to.
Convert to them anyway?
Uskayaw accepts your prayer! Uskayaw welcomes you!
You can now stomp with the beat.
There is an open door here.
You see here a rat corpse.
You now have 41 gold pieces (gained 10).
j - a scroll labelled WESIROSYTT You open the door.
There is an open door here.
You see here 23 stones.
You open the door.
There is an open door here.
Done exploring.
Okay, then.
Okay, then.
Are you sure you want to abandon this character and quit the game? (Confirm with "yes".)

#....(..##....#.
###.......##....##
#.'.......##....##
#.#.......##....##
#.########......##
#.# #.......## #.#
#....#####
#.#######....# #
#@...........# #
###########...##
#..............#
#..............#
#..............#
#..............#
##..............####
#...........†.......
#...###############.


There were no monsters in sight!

Vanquished Creatures
  4 dart slugs (D:1)
  An endoplasm (D:1)
  A giant cockroach (D:1)
  A hobgoblin (D:1)
  A bat (D:1)
  2 kobolds (D:1)
  A rat (D:1)
11 creatures vanquished.

Notes
Turn   | Place    | Note
-------+----------+-------------------------------------------
     0 | D:1      | lawman0 the Vampire Warper began the quest for the Orb.
     0 | D:1      | Reached XP level 1. HP: 16/16 MP: 3/3
   340 | D:1      | Reached XP level 2. HP: 13/22 MP: 5/5
   441 | D:1      | Found a faded altar of an unknown god.
   552 | D:1      | Prayed at the altar of an unknown god.
   552 | D:1      | Became a worshipper of Uskayaw the Reveller
   552 | D:1      | Reached * piety under Uskayaw
   664 | D:1      | Quit the game

Illustrated notes

Levels and vault maps discovered:
D:1:      minmay_arrival_cross, layout_basic,
          hellmonk_ecumenical_altar_defaced_shrine

Action                   || total
-------------------------++-------
Melee: Falchion          ||    33
       Bite              ||     3
 Stab: Sleeping          ||     1
Armor: Leather armour    ||    10
Dodge: Dodged            ||    25
